MLB
MIAMI MARLINS @ PHILADELPHIA PHILLIES
04/20/2044
 
TOP OF THE 1ST
Miami Marlins batting - Pitching for Philadelphia Phillies : LHP Ayaz bin Jalal
Pitching: LHP Ayaz bin Jalal
Batting: RHB Jeff Garofalo 0-0: Called Strike
0-1: Ball
1-1: Ball
2-1: Swinging Strike
2-2: Ball
3-2: Foul Ball, location: 2F
3-2: Fly out, F7 (Flyball, 7LS, EV 76.2 MPH)
Batting: RHB Micah Christopher 0-0: Ball
1-0: Swinging Strike
1-1: Ball
2-1: SINGLE (Groundball, 25, EV 68.8 MPH) (infield hit)
Batting: LHB Andre Gorter 0-0: Called Strike
0-1: Ball
1-1: Called Strike
1-2: Strikes out swinging
Batting: RHB Jimmy Groseclose 0-0: Ball
1-0: Fly out, F7 (Flyball, 7, EV 91.2 MPH)
Top of the 1st over - 0 runs, 1 hit, 0 errors, 1 left on base; Miami 0 - Philadelphia 0
BOTTOM OF THE 1ST
Philadelphia Phillies batting - Pitching for Miami Marlins : RHP Brian Glover
Pitching: RHP Brian Glover
Batting: SHB Patrick Kimmel 0-0: Ball
1-0: DOUBLE (Flyball, 8RXD, EV 104.4 MPH)
Batting: RHB Ji-an Li 0-0: Ball
1-0: Ball
2-0: DOUBLE (Groundball, 5L, EV 105.0 MPH)
Patrick Kimmel scores
Batting: RHB Raul de la Cruz 0-0: Called Strike
0-1: Called Strike
0-2: DOUBLE (Line Drive, 8LXD, EV 110.0 MPH)
Ji-an Li scores
Batting: LHB Alberto Figueroa 0-0: Ground out U3 (Groundball, 13, EV 78.8 MPH)
Raul de la Cruz to third
Batting: RHB Luis Arce 0-0: Called Strike
0-1: Ball
1-1: Foul Ball, location: 2F
1-2: Ball
2-2: Fly out, F8 (Flyball, 8RS, EV 82.5 MPH)
Pitching: LHP Patrick Meesters
Batting: LHB Ryan Trombley 0-0: Called Strike
0-1: Ball
1-1: Swinging Strike
1-2: Strikes out swinging
Bottom of the 1st over - 2 runs, 3 hits, 0 errors, 1 left on base; Miami 0 - Philadelphia 2
TOP OF THE 2ND
Miami Marlins batting - Pitching for Philadelphia Phillies : LHP Ayaz bin Jalal
Batting: RHB Justin Huff 0-0: Ball
1-0: Called Strike
1-1: Swinging Strike
1-2: Foul Ball, location: 2F
1-2: Strikes out swinging
Batting: RHB Roger Salazar 0-0: Called Strike
0-1: Ball
1-1: Foul Ball, location: 2F
1-2: Foul Ball, location: 2F
1-2: Fly out, F9 (Flyball, 89D, EV 78.8 MPH)
Batting: RHB Josh Crenwelge 0-0: Ball
1-0: Called Strike
1-1: Ball
2-1: Ball
3-1: Base on Balls
Batting: LHB Juan Solorzano 0-0: Ball
Josh Crenwelge is caught stealing 2nd base 2-6
Top of the 2nd over - 0 runs, 0 hits, 0 errors, 0 left on base; Miami 0 - Philadelphia 2
BOTTOM OF THE 2ND
Philadelphia Phillies batting - Pitching for Miami Marlins : LHP Patrick Meesters
Batting: LHB Jeff Luvisi 0-0: Called Strike
0-1: SINGLE (Line Drive, 8RS, EV 110.6 MPH)
Batting: SHB Rafael Vazquez 0-0: Ball
1-0: Ball
2-0: Foul Ball, location: 2F
2-1: Called Strike
2-2: Foul Ball, location: 2F
2-2: Foul Ball, location: 2F
2-2: DOUBLE (Line Drive, 89D, EV 100.6 MPH)
Jeff Luvisi to third
Batting: RHB Mitch Boyd 0-0: Called Strike
0-1: Ball
1-1: Foul Ball, location: 2F
1-2: Foul Ball, location: 2F
1-2: Strikes out looking
Batting: SHB Patrick Kimmel 0-0: Foul Ball, location: 2F
0-1: Ball
Wild Pitch!
Jeff Luvisi scores
Rafael Vazquez to third
1-1: Ball
2-1: Ground out 4-3 (Groundball, 4, EV 78.8 MPH)
Rafael Vazquez scores
Batting: RHB Ji-an Li 0-0: Ball
1-0: Ground out 5-3 (Groundball, 25, EV 88.8 MPH)
Bottom of the 2nd over - 2 runs, 2 hits, 0 errors, 0 left on base; Miami 0 - Philadelphia 4
TOP OF THE 3RD
Miami Marlins batting - Pitching for Philadelphia Phillies : LHP Ayaz bin Jalal
Batting: LHB Juan Solorzano 0-0: Foul Ball, location: 2F
0-1: Ball
1-1: Called Strike
1-2: Ball
2-2: Ball
3-2: Strikes out looking
Batting: RHB Eric Jordan 0-0: Called Strike
0-1: Swinging Strike
0-2: Strikes out looking
Batting: RHB Jeff Garofalo 0-0: Ball
1-0: Swinging Strike
1-1: Foul Ball, location: 2F
1-2: Strikes out looking
Top of the 3rd over - 0 runs, 0 hits, 0 errors, 0 left on base; Miami 0 - Philadelphia 4
BOTTOM OF THE 3RD
Philadelphia Phillies batting - Pitching for Miami Marlins : LHP Patrick Meesters
Batting: RHB Raul de la Cruz 0-0: Foul Ball, location: 2F
0-1: Foul Ball, location: 2F
0-2: Fly out, F9 (Flyball, 89D, EV 93.8 MPH)
Batting: LHB Alberto Figueroa 0-0: Ball
1-0: Called Strike
1-1: Foul Ball, location: 2F
1-2: Ball
2-2: Ball
3-2: Foul Ball, location: 2F
3-2: Base on Balls
Batting: RHB Luis Arce 0-0: Ball
1-0: Ball
2-0: Called Strike
2-1: Foul Ball, location: 2F
2-2: Strikes out swinging
Batting: LHB Ryan Trombley 0-0: DOUBLE (Line Drive, 5D, EV 100.6 MPH)
Alberto Figueroa to third
Runner from 3rd tries for Home, SAFE, throw by LF to home
Batting: LHB Jeff Luvisi 0-0: DOUBLE (Groundball, 5L, EV 102.5 MPH)
Ryan Trombley scores
Batting: SHB Rafael Vazquez 0-0: Foul Ball, location: 2F
0-1: Ball
1-1: Foul Ball, location: 2F
1-2: Ball
2-2: Ground out 6-3 (Groundball, 6, EV 98.1 MPH)
Bottom of the 3rd over - 2 runs, 2 hits, 0 errors, 1 left on base; Miami 0 - Philadelphia 6
TOP OF THE 4TH
Miami Marlins batting - Pitching for Philadelphia Phillies : LHP Ayaz bin Jalal
Batting: RHB Micah Christopher 0-0: Ball
1-0: Ball
2-0: Called Strike
2-1: Foul Ball, location: 2F
2-2: SINGLE (Groundball, 4MD, EV 105.6 MPH)
Batting: LHB Andre Gorter 0-0: Fly out, F8 (Line Drive, 8RD, EV 92.5 MPH)
Batting: RHB Jimmy Groseclose 0-0: Called Strike
0-1: Ball
1-1: SINGLE (Line Drive, 56, EV 93.8 MPH)
Micah Christopher to second
Batting: RHB Justin Huff 0-0: Ball
1-0: Ball
2-0: Ball
3-0: Base on Balls
Micah Christopher to third
Jimmy Groseclose to second
Batting: RHB Roger Salazar 0-0: Ball
1-0: Ball
2-0: Ball
3-0: Base on Balls
Micah Christopher scores
Jimmy Groseclose to third
Justin Huff to second
Batting: RHB Josh Crenwelge 0-0: Called Strike
0-1: Foul Ball, location: 2F
0-2: Strikes out looking
Batting: LHB Juan Solorzano 0-0: Foul Ball, location: 2F
0-1: Called Strike
0-2: Strikes out swinging
Top of the 4th over - 1 run, 2 hits, 0 errors, 3 left on base; Miami 1 - Philadelphia 6
BOTTOM OF THE 4TH
Philadelphia Phillies batting - Pitching for Miami Marlins : LHP Patrick Meesters
Batting: RHB Mitch Boyd 0-0: Ball
1-0: Foul Ball, location: 2F
1-1: Ball
2-1: Foul Ball, location: 2F
2-2: Foul Ball, location: 2F
2-2: Ground out 5-3 (Groundball, 56S, EV 86.9 MPH)
Batting: SHB Patrick Kimmel 0-0: Ball
1-0: Called Strike
1-1: Called Strike
1-2: Foul Ball, location: 2F
1-2: Ground out 5-3 (Groundball, 5, EV 81.9 MPH)
Batting: RHB Ji-an Li 0-0: Ball
1-0: Ground out 5-3 (Groundball, 56, EV 107.5 MPH)
Bottom of the 4th over - 0 runs, 0 hits, 0 errors, 0 left on base; Miami 1 - Philadelphia 6
TOP OF THE 5TH
Miami Marlins batting - Pitching for Philadelphia Phillies : LHP Ayaz bin Jalal
Batting: RHB Eric Jordan 0-0: Fly out, F8 (Line Drive, 8RD, EV 91.2 MPH)
Batting: RHB Jeff Garofalo 0-0: Called Strike
0-1: SINGLE (Groundball, 3D, EV 97.5 MPH)
Batting: RHB Micah Christopher 0-0: Ball
Jeff Garofalo steals 2nd base
1-0: Swinging Strike
1-1: Foul Ball, location: 2F
1-2: Ball
2-2: Ball
3-2: Fly out, F9 (Flyball, 89S, EV 86.2 MPH)
Batting: LHB Andre Gorter 0-0: Called Strike
0-1: Swinging Strike
0-2: Ball
1-2: Foul Ball, location: 2F
1-2: Fly out, F8 (Line Drive, 8RM, EV 99.4 MPH)
Top of the 5th over - 0 runs, 1 hit, 0 errors, 1 left on base; Miami 1 - Philadelphia 6
BOTTOM OF THE 5TH
Philadelphia Phillies batting - Pitching for Miami Marlins : LHP Patrick Meesters
Batting: RHB Raul de la Cruz 0-0: Ball
1-0: Ball
2-0: Called Strike
2-1: Ball
3-1: Base on Balls
Batting: LHB Alberto Figueroa 0-0: Foul Ball, location: 2F
0-1: Called Strike
0-2: Ball
1-2: Strikes out swinging
Batting: RHB Luis Arce 0-0: Called Strike
0-1: Ball
1-1: Ball
2-1: Fly out, F4 (Popup, 23, EV 90.6 MPH)
Batting: LHB Ryan Trombley 0-0: Ball
1-0: Ball
2-0: Ball
3-0: Called Strike
3-1: Foul Ball, location: 2F
3-2: Foul Ball, location: 2F
3-2: Base on Balls
Raul de la Cruz to second
Batting: LHB Jeff Luvisi 0-0: Ball
1-0: Ball
2-0: Called Strike
2-1: Ball
3-1: Base on Balls
Raul de la Cruz to third
Ryan Trombley to second
Batting: SHB Rafael Vazquez 0-0: Ball
1-0: Ball
2-0: Fly out, F8 (Flyball, 8LXD, EV 99.4 MPH)
Bottom of the 5th over - 0 runs, 0 hits, 0 errors, 3 left on base; Miami 1 - Philadelphia 6
TOP OF THE 6TH
Miami Marlins batting - Pitching for Philadelphia Phillies : LHP Ayaz bin Jalal
Batting: RHB Jimmy Groseclose 0-0: Ball
1-0: Swinging Strike
1-1: Foul Ball, location: 2F
1-2: Ball
2-2: Ground out 5-3 (Groundball, 56S, EV 61.9 MPH)
Batting: RHB Justin Huff 0-0: Ball
1-0: Ground out 5-3 (Groundball, 56, EV 86.2 MPH)
Batting: RHB Roger Salazar 0-0: Ball
1-0: Ball
2-0: Swinging Strike
2-1: Ball
3-1: Base on Balls
Batting: RHB Josh Crenwelge 0-0: Ball
1-0: Called Strike
1-1: Ball
2-1: Called Strike
2-2: Fly out, F9 (Flyball, 9LM, EV 87.5 MPH)
Top of the 6th over - 0 runs, 0 hits, 0 errors, 1 left on base; Miami 1 - Philadelphia 6
BOTTOM OF THE 6TH
Philadelphia Phillies batting - Pitching for Miami Marlins : LHP Patrick Meesters
Batting: RHB Mitch Boyd 0-0: Called Strike
0-1: Ball
1-1: Ball
2-1: Ball
3-1: Ground out 6-3 (Groundball, 6, EV 106.2 MPH)
Batting: SHB Patrick Kimmel 0-0: Called Strike
0-1: Foul Ball, location: 2F
0-2: Foul Ball, location: 2F
0-2: SINGLE (Groundball, 56D, EV 106.9 MPH)
Batting: RHB Ji-an Li 0-0: Called Strike
Patrick Kimmel steals 2nd base
0-1: Swinging Strike
0-2: Ball
1-2: SINGLE (Line Drive, 7S, EV 96.2 MPH)
Patrick Kimmel to third
Runner from 3rd tries for Home, SAFE, throw by LF to home
Pitching: LHP Jordan Hernandez
Batting: RHB Raul de la Cruz 0-0: Ball
1-0: Ball
2-0: Foul Ball, location: 2F
2-1: Called Strike
2-2: Ball
3-2: Foul Ball, location: 2F
3-2: Base on Balls
Ji-an Li to second
Batting: LHB Alberto Figueroa 0-0: Ball
1-0: Ball
2-0: Grounds into double play, 6-4-3 (Groundball, 6S, EV 85.6 MPH)
Bottom of the 6th over - 1 run, 2 hits, 0 errors, 1 left on base; Miami 1 - Philadelphia 7
TOP OF THE 7TH
Miami Marlins batting - Pitching for Philadelphia Phillies : LHP Ayaz bin Jalal
Pitching: RHP Mike Kamm
Batting: LHB Juan Solorzano 0-0: Called Strike
0-1: Fly out, F2 (Popup, 5SF, EV 80.6 MPH)
Batting: RHB Eric Jordan 0-0: Called Strike
0-1: SINGLE (Groundball, 6, EV 97.5 MPH)
Batting: RHB Jeff Garofalo 0-0: Called Strike
0-1: Foul Ball, location: 2F
0-2: Ball
1-2: Foul Ball, location: 2F
1-2: Ball
2-2: Foul Ball, location: 2F
2-2: Foul Ball, location: 2F
2-2: Foul Ball, location: 2F
2-2: SINGLE (Groundball, 4, EV 100.0 MPH)
Eric Jordan to second
Batting: RHB Micah Christopher 0-0: Swinging Strike
0-1: Swinging Strike
0-2: Foul Ball, location: 2F
0-2: Ball
1-2: Foul Ball, location: 2F
1-2: Strikes out swinging
Batting: LHB Andre Gorter 0-0: Ball
1-0: Called Strike
1-1: Ball
2-1: Foul Ball, location: 2F
2-2: Ball
3-2: Ground out 4-3 (Groundball, 4, EV 85.6 MPH)
Top of the 7th over - 0 runs, 2 hits, 0 errors, 2 left on base; Miami 1 - Philadelphia 7
BOTTOM OF THE 7TH
Philadelphia Phillies batting - Pitching for Miami Marlins : LHP Jordan Hernandez
Batting: RHB Luis Arce 0-0: Ball
1-0: Called Strike
1-1: SINGLE (Groundball, 6MD, EV 98.1 MPH)
Batting: LHB Ryan Trombley 0-0: Ball
1-0: Foul Ball, location: 2F
1-1: Fly out, F6 (Popup, 6MD, EV 44.4 MPH)
Batting: LHB Jeff Luvisi 0-0: Ball
1-0: Fly out, F9 (Flyball, 9S, EV 87.5 MPH)
Batting: SHB Rafael Vazquez 0-0: Ball
1-0: Ground out U3 (Groundball, 34S, EV 85.0 MPH)
Bottom of the 7th over - 0 runs, 1 hit, 0 errors, 1 left on base; Miami 1 - Philadelphia 7
TOP OF THE 8TH
Miami Marlins batting - Pitching for Philadelphia Phillies : RHP Mike Kamm
Batting: RHB Jimmy Groseclose 0-0: Foul Ball, location: 2F
0-1: Swinging Strike
0-2: Ground out 6-3 (Groundball, 6, EV 105.6 MPH)
Pinch Hitting: SHB Matt Altieri 0-0: Ball
1-0: Ground out 5-3 (Groundball, 56S, EV 90.6 MPH)
Batting: RHB Roger Salazar 0-0: Ball
1-0: Ball
2-0: Swinging Strike
2-1: Foul Ball, location: 2F
2-2: Ball
3-2: Strikes out looking
Top of the 8th over - 0 runs, 0 hits, 0 errors, 0 left on base; Miami 1 - Philadelphia 7
BOTTOM OF THE 8TH
Philadelphia Phillies batting - Pitching for Miami Marlins : LHP Jordan Hernandez
Now at 3B: Tommy Hughes
Batting: RHB Mitch Boyd 0-0: Called Strike
0-1: DOUBLE (Groundball, 5L, EV 102.5 MPH)
Batting: SHB Patrick Kimmel 0-0: Ball
1-0: Ball
2-0: Called Strike
2-1: Foul Ball, location: 2F
2-2: Ball
3-2: Base on Balls
Batting: RHB Ji-an Li 0-0: Ball
1-0: Ball
2-0: Ball
3-0: Base on Balls
Mitch Boyd to third
Patrick Kimmel to second
Batting: RHB Raul de la Cruz 0-0: Ball
1-0: Foul Ball, location: 2F
1-1: Swinging Strike
1-2: Ball
2-2: Foul Ball, location: 2F
2-2: Foul Ball, location: 2F
2-2: Strikes out swinging
Batting: LHB Alberto Figueroa 0-0: Ball
1-0: Fielders Choice at 2nd, 4-6 (Groundball, 4, EV 85.6 MPH)
Mitch Boyd scores
Patrick Kimmel to third
Batting: RHB Luis Arce 0-0: Called Strike
0-1: Ball
1-1: Swinging Strike
1-2: Fielders Choice at 2nd, 6-4 (Groundball, 6, EV 76.2 MPH)
Bottom of the 8th over - 1 run, 1 hit, 0 errors, 2 left on base; Miami 1 - Philadelphia 8
TOP OF THE 9TH
Miami Marlins batting - Pitching for Philadelphia Phillies : RHP Mike Kamm
Batting: RHB Josh Crenwelge 0-0: Called Strike
0-1: Ball
1-1: Ball
2-1: Swinging Strike
2-2: Ball
3-2: Strikes out looking
Batting: LHB Juan Solorzano 0-0: Ball
1-0: Ball
2-0: Swinging Strike
2-1: Foul Ball, location: 2F
2-2: Foul Ball, location: 2F
2-2: Ball
3-2: Foul Ball, location: 2F
3-2: Ground out 4-3 (Groundball, 4, EV 101.9 MPH)
Batting: RHB Eric Jordan 0-0: SINGLE (Groundball, 6D, EV 106.9 MPH)
Batting: RHB Jeff Garofalo 0-0: Ball
1-0: Ball
2-0: Ball
3-0: Foul Ball, location: 2F
3-1: DOUBLE (Line Drive, 78D, EV 108.8 MPH)
Eric Jordan to third
Batting: RHB Micah Christopher 0-0: Swinging Strike
0-1: Ball
1-1: Ball
2-1: Ball
3-1: Base on Balls
Batting: LHB Andre Gorter 0-0: Called Strike
0-1: Ball
1-1: Ball
2-1: Swinging Strike
2-2: GRAND SLAM HOME RUN (Flyball, 9D, EV 95.0 MPH), Distance : 382 ft
Pitching: LHP Rico Saldarriaga
Batting: RHB Jimmy Groseclose 0-0: Ground out 4-3 (Groundball, 4M, EV 103.8 MPH)
Top of the 9th over - 4 runs, 3 hits, 0 errors, 0 left on base; Miami 5 - Philadelphia 8
Thursday, March 31st , 2022 - OOTP Baseball 22.12 Build 89